 Dungeon Crawl Stone Soup version 0.31-a0-219-g8d62b2e7bb (webtiles) character file.

Game seed: 6967385146882929720

23 qw the Shooter (level 2, 0/25 HPs)
             Began as a Minotaur Hexslinger on July 3, 2023.
             Succumbed to an adder's poison
             ... on level 2 of the Dungeon.
             The game lasted 00:00:15 (708 turns).

qw the Shooter (Minotaur Hexslinger)                 Turns: 708, Time: 00:00:15

Health: 0/25       AC:  6    Str: 12    XL:     2   Next: 72%
Magic:  2/2        EV: 10    Int: 10    God:
Gold:   79         SH:  0    Dex: 12    Spells: 2/3 levels left

rFire   . . .        Y - +2 sling
rCold   . . .        (no shield)
rNeg    . . .        h - +0 ring mail
rPois   .            (helmet restricted)
rElec   .            k - +0 cloak
rCorr   .            (no gloves)
SInv    .            (no boots)
Will    .....        (no amulet)
Stlth   +            (no ring)
HPRegen 0.24/turn    (no ring)
MPRegen 0.08/turn

%: no passive effects
@: lethally poisoned (0 -> -6)
A: horns 2, retaliatory headbutt
a: no special abilities


You were on level 2 of the Dungeon.
You visited 1 branch of the dungeon, and saw 2 of its levels.

You collected 79 gold pieces.


Innate Abilities, Weirdness & Mutations

You have a pair of horns on your head.
You reflexively headbutt those who attack you in melee.


   Skills:
 - Level 2.5 Fighting
 + Level 3.0 Ranged Weapons
 - Level 2.1 Dodging
 - Level 1.0 Spellcasting
 - Level 2.0 Hexes


You had 2 spell levels left.
You knew the following spells:

 Your Spells              Type           Power      Damage    Failure   Level
a - Slow                  Hex            16%        N/A       34%         1

Your spell library contained the following spells:

 Spells                   Type           Power      Damage    Failure   Level
 Inner Flame              Hex/Fire       2%         N/A       83%         3
 Portal Projectile        Hex/Tloc       4%         N/A       83%         3
 Cause Fear               Hex            2%         N/A       98%         4

Inventory:

Hand Weapons
 Y - a +2 sling (weapon)
Armour
 h - a +0 ring mail (worn)
 k - a +0 cloak (worn)
Potions
 f - a potion of haste {unknown}
 g - a potion of attraction {unknown}
 j - a potion of invisibility {unknown}

Dungeon Overview and Level Annotations

Branches:
Dungeon (2/15)

Altars:

Shops:
D:1 ?


Message History

Where to? (* - list waypoints, ? - help)
What level of the Dungeon? (default 1, ? - help)
You see here 8 stones.
There is a stone staircase leading down here.
You climb downwards.
There is a stone staircase leading up here.
Waypoint 1 assigned to D:2.
Found a stone staircase leading down.
An adder comes into view.
The adder hisses angrily.
The adder barely misses you.
You shoot a sling bullet. The sling bullet misses the adder.
The adder bites you but does no damage.
You shoot a sling bullet.
The sling bullet hits the adder but does no damage.
The adder completely misses you. You furiously retaliate!
You headbutt the adder. The adder bites you.
You are poisoned.
The adder poisons you!
You shoot a sling bullet.
The sling bullet barely misses the adder.
You feel sick. The adder bites you but does no damage. The adder bites you.
You shoot a sling bullet. The sling bullet misses the adder.
You feel sick. The adder bites you.
You are more poisoned.
The adder poisons you! The adder bites you but does no damage.
You shoot a sling bullet. The sling bullet hits the adder.
The adder is severely wounded.
You feel very sick. The adder bites you. x2
You are lethally poisoned!
The adder poisons you!
You shoot a sling bullet. The sling bullet hits the adder.
You kill the adder!
You feel very sick.
Your Fighting skill increases to level 2!
There is a lethal amount of poison in your body!
You feel sick.
There is a lethal amount of poison in your body!
You die...

#<..........#.#
###########.#.#
#....#.#######
#......>......
######..######
#..# #..# #..#
#.@# #......#
##.###.# #.#
#.# #.. #.# #.#


There were no monsters in sight!

Vanquished Creatures
  An adder (D:2)
  An endoplasm (D:1)
  A giant cockroach (D:1)
  5 hobgoblins (D:1)
  A quokka (D:1)
  A ball python (D:1)
  A frilled lizard (D:1)
  A kobold (D:1)
  A rat (D:1)
13 creatures vanquished.

Notes
Turn   | Place    | Note
-------+----------+-------------------------------------------
     0 | D:1      | qw the Minotaur Hexslinger began the quest for the Orb.
     0 | D:1      | Reached XP level 1. HP: 16/16 MP: 1/1
     0 | D:1      | 0 ||| qw: Version: 0.3-a-40-ge99b1a8
     0 | D:1      | 0 ||| qw: Game counter: 449
     0 | D:1      | 0 ||| qw: Melee chars always use a shield: true
     0 | D:1      | 0 ||| qw: God list: Okawaru
     0 | D:1      | 0 ||| qw: Allow faded altars: false
     0 | D:1      | 0 ||| qw: Do Orc after clearing Dungeon:15 true
     0 | D:1      | 0 ||| qw: Do second Lair branch before Depths: true
     0 | D:1      | 0 ||| qw: Lair rune preference: random
     0 | D:1      | 0 ||| qw: Goals: Normal
     0 | D:1      | 0 ||| PLANNING D:1-11
    53 | D:1      | Found Vostran's Magic Scroll Emporium.
    60 | D:1      | 60 ||| FLEEEEING.
    61 | D:1      | 61 ||| FLEEEEING.
    63 | D:1      | 63 ||| FLEEEEING.
    64 | D:1      | 64 ||| FLEEEEING.
    85 | D:1      | 85 ||| SHOPLISTING scroll of identify (26 gold, have 0).
    85 | D:1      | 85 ||| SHOPLISTING scroll of teleportation (39 gold, have
                  | 0).
   213 | D:1      | Reached skill level 3 in Ranged Weapons
   242 | D:1      | Reached XP level 2. HP: 23/23 MP: 2/2
   613 | D:1      | 613 ||| UPGRADING to +0 ring mail.
   623 | D:1      | 623 ||| DROPPING +0 robe.
   624 | D:1      | 624 ||| UPGRADING to +0 cloak.
   629 | D:1      | 629 ||| READING 2 scrolls labelled VIUH ESEMUI.
   630 | D:1      | 630 ||| READING scroll labelled XAMPYRPH POWKIO.
   631 | D:1      | 631 ||| READING scroll labelled QIDUERAECU.
   632 | D:1      | 632 ||| DROPPING scroll of blinking.
   633 | D:1      | 633 ||| DROPPING scroll of poison.
   706 | D:2      | HP: 4/24 [poisoned by an adder]
   708 | D:2      | Succumbed to an adder's poison

Levels and vault maps discovered:
D:1:      dpeg_arrival_signposts, layout_basic, serial_shops, shop
D:2:      layout_basic, basic_altar, kennysheep_generic_room_12,
          uniq_crazy_yiuf_cottage

Skill      XL: |  1  2 |
---------------+-------+-----
Ranged Weapons | 3 |  3.0
Fighting       | 2 |  2.5
Dodging        | |  2.1
Spellcasting   | |  1.0
Hexes          | |  2.0

Action                     || total
---------------------------++-------
   Fire: Sling             ||    38
    Use: Scroll            ||     3
 Armour: Ring mail         ||     3
  Dodge: Dodged            ||     7

Table legend:
 A = Non-vault XP
 B = Vault XP
 C = Vault XP percentage of total XP
 D = Non-vault monster count
 E = Vault monster count
 F = Vault count percentage of total count
                 A         B        C        D         E       F
            +---------+---------+-------+---------+---------+-------
      Total |      33 |       0 |   0.0 |      13 |       0 |   0.0
            +---------+---------+-------+---------+---------+-------
        D:1 |      20 |       0 |   0.0 |      12 |       0 |   0.0
        D:2 |      13 |       0 |   0.0 |       1 |       0 |   0.0
            +---------+---------+-------+---------+---------+-------
